Map: Alcyone LE

Players

demzi

  • Race: Zerg Zerg
  • League: Diamond
  • Spawn Location: 7:00

Avendis - Winner!

  • Race: Protoss Protoss
  • League: Diamond
  • Spawn Location: 1:00

VOD

Have the link to the VOD?

Description

Time

  • Played on: March 24, 2024, 8:09 p.m.
  • Length: 14:09
Show
View Real Time Build Order
Export as new Build Order

demzi Zerg 

Build Orders: Hatch First 

Get SALT Encoding   

  12  0:00  Drone  
  13  0:12  Overlord  
  13  0:17  Drone  
  14  0:31  Drone x2  
  16  0:50  Hatchery  
  16  0:52  Drone  
  16  0:56  Drone  
  17  0:59  Drone  
  18  1:09  Extractor  
  17  1:15  Spawning Pool  
  16  1:19  Drone  
  16  1:22  Drone  
  18  1:28  Drone  
  19  1:38  Drone  
  20  1:51  Overlord  
  20  2:02  Queen x2  
  20  2:03  Zergling x2  
  20  2:05  Zergling x2  
  26  2:11  Drone  
  26  2:15  Overlord  
  27  2:23  Metabolic Boost  
  27  2:26  Drone  
  27  2:28  Drone  
  29  2:41  Drone  
  29  2:42  Drone  
  31  2:45  Drone x2  
  33  2:58  Drone x2  
  35  3:05  Overlord  
  33  3:14  Queen  
  33  3:18  Zergling x6  
  33  3:19  Zergling x2, Hatchery  
  38  3:38  Drone x5  
  42  4:03  Drone x3, Evolution Chamber  
  42  4:04  Baneling Nest, Evolution Chamber  
  42  4:07  Spore Crawler  
  42  4:08  Spore Crawler  
  40  4:10  Drone  
  40  4:12  Drone x2  
  44  4:17  Drone x3, Extractor  
  44  4:18  Drone x2  
  44  4:19  Zergling x4  
  44  4:20  Zergling x2  
  50  4:25  Overlord  
  50  4:30  Queen  
  52  4:33  Lair  
  52  4:37  Extractor  
  52  4:38  Drone x3  
  53  4:56  Zergling x6  
  53  4:57  Zergling x2  
  47  5:11  Zergling x2  
  47  5:12  Zergling x14  
  53  5:16  Zerg Melee Weapons Level 1  
  53  5:25  Drone x9  
  62  5:40  Drone x2  
  62  5:41  Drone x2  
  66  5:44  Overlord x2  
  66  5:50  Centrifugal Hooks  
  64  6:01  Drone  
  64  6:02  Drone x5  
  64  6:03  Drone x3  
  70  6:06  Extractor, Drone  
  70  6:07  Drone  
  70  6:08  Extractor  
  70  6:18  Zergling x2  
  70  6:19  Zergling x4  
  73  6:27  Zerg Ground Armor Level 1  
  73  6:28  Overlord x5  
  73  6:29  Hydralisk Den  
  72  6:34  Zergling x14  
  72  6:35  Zergling x2  
  72  6:37  Overlord  
  80  6:50  Hatchery  
  79  6:58  Drone x3  
  79  6:59  Drone  
  83  7:04  Muscular Augments  
  83  7:06  Hydralisk x3  
  83  7:08  Hydralisk  
  91  7:16  Drone x3  
  91  7:21  Drone  
  95  7:23  Drone  
  95  7:25  Drone  
  95  7:26  Drone x2  
  95  7:27  Drone x3, Extractor  
  101  7:34  Zerg Missile Weapons Level 1  
  101  7:47  Baneling  
  101  7:48  Baneling x5  
  101  7:49  Zergling x2, Hydralisk  
  99  8:01  Overlord x5  
  99  8:04  Drone x4, Spore Crawler  
  99  8:05  Drone x2  
  104  8:10  Drone x4  
  104  8:11  Drone, Queen  
  111  8:14  Overlord x2  
  111  8:21  Overlord x2  
  111  8:22  Hydralisk, Overlord  
  111  8:25  Hydralisk x2  
  117  8:31  Hydralisk  
  117  8:32  Hydralisk x4  
  127  8:41  Hydralisk  
  127  8:42  Hydralisk x6  
  127  8:46  Baneling x3  
  127  8:47  Baneling x4  
  141  8:49  Zergling x8  
  145  8:59  Zerg Melee Weapons Level 2  
  145  9:08  Zergling x18  
  154  9:21  Zergling x18  
  163  9:36  Baneling x5  
  163  9:37  Baneling x2  
  163  9:38  Zergling x24  
  166  10:38  Hydralisk  
  166  10:39  Hydralisk x12  
  166  10:40  Zergling x4  
  166  10:41  Zergling x20  
  120  11:00  Zergling x22  
  120  11:02  Baneling  
  120  11:03  Baneling x17  
  131  11:13  Extractor, Drone x3  
  131  11:14  Drone x3  
  131  11:15  Extractor  
  131  11:18  Drone  
  136  11:22  Hydralisk x4, Hatchery  
  143  11:29  Drone x2  
  143  11:30  Drone x2  
  143  11:31  Hydralisk x3  
  143  11:32  Hydralisk x3  
  159  11:44  Zergling x8  
  159  11:45  Zergling x4  
  165  11:52  Zergling x2  
  165  11:53  Zergling x20  
  176  11:58  Baneling x5  
  176  11:59  Baneling x2  
  176  12:07  Hydralisk  
  176  12:08  Hydralisk x7, Infestation Pit  
  148  12:26  Zergling x8  
  148  12:27  Zergling x18  
  134  12:41  Zergling x2  
  134  12:42  Zergling x16  
  111  12:46  Hydralisk x2  
  105  12:54  Hydralisk  
  105  12:55  Hydralisk x5  
  106  13:01  Baneling  
  106  13:02  Baneling x9  
  106  13:03  Zergling x8  
  97  13:05  Baneling  
  97  13:06  Baneling x2  
  97  13:07  Hydralisk x2  
  96  13:14  Hydralisk x3  
  102  13:22  Hydralisk  
  102  13:23  Hydralisk x5  
  107  13:38  Hydralisk x8  
Show
View Real Time Build Order
Export as new Build Order

Avendis Protoss - Winner!

Build Orders: Oracle Opening 

Get SALT Encoding   

  12  0:00  Probe  
  13  0:12  Probe  
  14  0:18  Pylon  
  14  0:25  Probe  
  15  0:37  Probe  
  15  0:41  Gateway  
  16  0:49  Probe (Chrono Boost)  
  17  0:56  Assimilator  
  17  1:00  Assimilator, Probe (Chrono Boost)  
  18  1:05  Probe (Chrono Boost)  
  19  1:15  Probe  
  20  1:23  Gateway  
  20  1:27  Probe (Chrono Boost)  
  21  1:36  Probe (Chrono Boost)  
  21  1:38  Cybernetics Core  
  22  1:42  Probe (Chrono Boost)  
  22  1:43  Pylon  
  23  2:02  Probe  
  24  2:17  Nexus  
  24  2:28  Stargate  
  24  2:34  Adept (Chrono Boost)  
  24  2:36  Adept (Chrono Boost)  
  28  2:40  Warp Gate  
  28  2:54  Pylon  
  30  3:07  Adept (Chrono Boost)  
  30  3:10  Probe  
  30  3:12  Pylon  
  31  3:26  Pylon  
  31  3:29  Probe, Oracle, Pylon, Adept  
  31  3:30  Probe  
  38  3:41  Probe  
  39  3:42  Probe  
  40  3:53  Probe  
  40  3:54  Probe  
  42  4:06  Shield Battery, Probe x2 (Chrono Boost)  
  42  4:08  Sentry  
  42  4:09  Stalker  
  48  4:18  Probe x2 (Chrono Boost)  
  50  4:25  Probe (Chrono Boost)  
  51  4:35  Probe x2  
  53  4:46  Gateway x2  
  53  4:47  Probe x2  
  55  4:59  Probe x2  
  55  5:11  Probe  
  50  5:22  Assimilator x2  
  50  5:24  Oracle (Chrono Boost)  
  53  5:33  Twilight Council  
  53  5:40  Pylon  
  53  5:43  Robotics Facility  
  53  5:44  Pylon  
  53  5:45  Robotics Facility  
  53  5:47  Pylon  
  53  5:48  Pylon  
  53  5:50  Adept  
  53  5:51  Adept  
  57  6:08  Probe x2  
  59  6:19  Pylon  
  59  6:20  Probe  
  60  6:30  Nexus  
  60  6:32  Pylon  
  60  6:42  Shield Battery  
  60  6:46  Stalker x2  
  64  6:51  Observer x2  
  66  6:58  Templar Archives  
  66  7:12  Immortal  
  66  7:13  Immortal  
  66  7:14  Forge  
  74  7:16  Forge  
  74  7:18  Pylon  
  74  7:21  Probe x2  
  76  7:23  Gateway  
  76  7:24  Gateway  
  76  7:26  Robotics Bay  
  76  7:33  Probe x2  
  78  7:45  Shield Battery, Probe x2  
  78  7:47  Probe  
  81  7:57  Probe  
  81  7:58  Probe  
  80  7:59  Probe  
  80  8:03  Protoss Ground Armor Level 1, Protoss Ground Weapons Level 1  
  81  8:09  Probe  
  81  8:10  Immortal x2, Probe  
  81  8:11  Probe  
  92  8:13  Stalker x3  
  92  8:14  Stalker  
  100  8:21  Probe  
  100  8:27  Extended Thermal Lance (Chrono Boost)  
  105  8:29  Void Ray  
  105  8:49  Photon Cannon  
  105  8:51  Photon Cannon, Assimilator  
  105  8:52  Assimilator  
  105  8:54  Photon Cannon  
  105  9:05  Psionic Storm  
  105  9:12  Photon Cannon  
  105  9:13  Colossus x2 (Chrono Boost)  
  105  9:15  Photon Cannon  
  117  9:21  Photon Cannon  
  117  9:51  Nexus  
  117  9:55  Pylon  
  117  9:56  Colossus (Chrono Boost)  
  117  9:58  Pylon  
  117  10:02  Pylon  
  117  10:04  High Templar x2  
  117  10:05  High Templar x2  
  137  10:11  Colossus (Chrono Boost)  
  136  10:33  Pylon  
  134  10:36  Gateway  
  134  10:39  Gateway  
  100  10:50  Colossus x2 (Chrono Boost)  
  100  10:51  Charge (Chrono Boost)  
  100  10:55  Probe x3  
  107  11:07  Probe x3  
  107  11:10  Zealot x3  
  107  11:11  Zealot x3  
  122  11:19  Probe x2  
  124  11:26  Protoss Ground Weapons Level 2 (Chrono Boost), Protoss Ground Armor Level 2 (Chrono Boost)  
  124  11:33  Colossus (Chrono Boost)  
  124  11:34  Colossus (Chrono Boost)  
  136  11:41  Pylon  
  136  11:47  Pylon  
  136  11:51  Pylon  
  122  12:28  Colossus  
  122  12:29  Colossus  
  128  12:31  High Templar x3  
  128  12:33  Zealot x4  
  134  13:08  Observer  
  134  13:11  Shield Battery  
  134  13:14  Shield Battery  
  134  13:26  Observer x2  
  136  13:43  Zealot x3  
  136  13:44  Zealot x2  
  134  13:59  Zealot x3  
Tags
 
Add a new tag
Caveats
  • Supply blocks, unpowered buildings, or Contaminate may cause inaccurate times.
  • Supply counts are checked every 10 seconds.